 Seeded DCSS version 0.28-a0-1567-g1695149f81 (webtiles) character file.

Game seed: 119 (custom seed)

68 knot the Chopper (level 4, 30/35 HPs)
             Began as a Demonspawn Berserker on Jan 19, 2022.
             Was a Believer of Trog.
             Quit the game on level 3 of the Dungeon.
             The game lasted 00:01:18 (2517 turns).

knot the Chopper (Demonspawn Berserker)             Turns: 2517, Time: 00:01:19

Health: 30/35      AC:  2    Str: 18    XL:     4   Next: 1%
Magic:  4/4        EV: 12    Int: 10    God:    Trog [**....]
Gold:   53         SH:  0    Dex: 12    Spells: 3/3 levels left

rFire   . . .      SeeInvis .   l - +0 war axe
rCold   . . .      Faith    .   (no shield)
rNeg    . . .      Spirit   .   b - +0 animal skin
rPois   .          Reflect  .   (helmet restricted)
rElec   .          Harm     .   (no cloak)
rCorr   .          Rampage  .   (no gloves)
Will    +....                   (no boots)
Stlth   +.........              (no amulet)
HPRegen 0.11/turn               h - ring of willpower
MPRegen 0.09/turn               (no ring)

@: no status effects
A: antennae 1, demonic magic 1
a: Renounce Religion, Berserk, Trog's Hand


You were on level 3 of the Dungeon.
You worshipped Trog.
Trog was pleased with you.
You visited 1 branch of the dungeon, and saw 3 of its levels.

You collected 53 gold pieces.

Inventory:

Hand Weapons
 l - a +0 war axe (weapon)
Missiles
 e - 32 stones (quivered)
Armour
 b - a +0 animal skin (worn)
Jewellery
 h - a ring of willpower (left hand)
 s - a ring of ice
Scrolls
 c - a scroll of summoning {unknown}
 d - a scroll of torment {unknown}
 g - a scroll of amnesia {unknown}
 i - a scroll of immolation {unknown}
 j - a scroll of fog {unknown}
 k - a scroll of blinking {unknown}
 m - a scroll of brand weapon {unknown}
 n - a scroll of vulnerability {unknown}
 p - a scroll of teleportation {unknown}
 r - 2 scrolls of fear {unknown}
Potions
 a - a potion of cancellation {unknown}
 f - a potion of heal wounds {unknown}
 o - a potion of mutation {unknown}
 q - 2 potions of ambrosia {unknown}


   Skills:
 - Level 3.0 Fighting
 + Level 4.4 Axes
 - Level 1.7 Armour
 - Level 1.7 Dodging


You had 3 spell levels left.
You didn't know any spells.
Your spell library contained the following spells:

 Spells                   Type           Power      Damage    Failure   Level
 Foxfire                  Conj/Fire      0%         2x1d4     36%         1
 Slow                     Hex            0%         N/A       36%         1
 Confusing Touch          Hex            0%         N/A       75%         3
 Conjure Flame            Conj/Fire      0%         6-21      75%         3
 Inner Flame              Hex/Fire       0%         N/A       75%         3
 Ozocubu's Armour         Ice            0%         N/A       75%         3
 Vampiric Draining        Necr           0%         2d6       75%         3
 Flame Wave               Conj/Fire      0%         2d4       98%         4
 Metabolic Englaciation   Hex/Ice        0%         N/A       100%        5
 Simulacrum               Ice/Necr       0%         N/A       100%        6


Dungeon Overview and Level Annotations

Branches:
Dungeon (3/15)

Altars:


Innate Abilities, Weirdness & Mutations

You have a pair of small antennae on your head.
Spells you cast may paralyse adjacent enemies.


Message History

No target in view!
Done exploring.
No target in view!
No target in view!
Done exploring.
No target in view!
Done exploring.
No target in view!
Done exploring.
Done exploring.
(D) Dungeon
Where to? (Enter - D:2, ? - help)
There is a stone staircase leading down here.
You climb downwards.
You sense a monster nearby.
There is a stone staircase leading up here.
s - a ring of ice No target in view!
r - 2 scrolls labelled MIR OTIUREIZ (gained 1)
An adder skeleton and a goblin come into view.
The goblin shouts!
There are monsters nearby!
Found 17 gold pieces.
Found a stone staircase leading up.
There are monsters nearby!
You barely miss the adder skeleton. The adder skeleton bites you.
You slash the adder skeleton!
The adder skeleton is severely damaged.
The adder skeleton bites you.
There are monsters nearby!
You barely miss the adder skeleton.
The adder skeleton is severely damaged.
The adder skeleton barely misses you. x2
You slash the adder skeleton!
You destroy the adder skeleton!
Trog accepts your kill.
You have reached level 4!
You feel stronger.
Your demonic ancestry asserts itself...
A menacing aura infuses your magic.
You closely miss the goblin. The goblin misses you.
Are you sure you want to abandon this character and quit the game? (Confirm with "yes".)

#.......# #...#
###.##### #...# #.#
#...# #.#
######...#### #..
............# ...
..##..#.###.### ...
.##..#.## ..
##.##........##.#.#
..##..#.g@.<..# #
#..##........# ...
.........$#
.#####.......#.# #
#.#####.... #. ##..
#. . ..


You could see a goblin.

Vanquished Creatures
  An adder (D:2)
  An adder skeleton (D:3)
  A worm (D:2)
  2 dart slugs
  6 ball pythons
  2 bats (D:1)
  2 endoplasms (D:2)
  8 giant cockroaches
  4 goblins
  5 hobgoblins
  2 kobolds
  3 frilled lizards (D:1)
  8 rats
45 creatures vanquished.

Vanquished Creatures (others)
  4 plants (D:1)
4 creatures vanquished.

Grand Total: 49 creatures vanquished

Notes
Turn   | Place    | Note
-------+----------+-------------------------------------------
     0 | D:1      | knot the Demonspawn Berserker began the quest for the Orb.
     0 | D:1      | Reached XP level 1. HP: 18/18 MP: 1/1
    56 | D:1      | Reached skill level 3 in Axes
   235 | D:1      | Found a faded altar of an unknown god.
   334 | D:1      | Gained mutation: You have a pair of small antennae on your
                  | head. [demonic ancestry]
   334 | D:1      | Reached XP level 2. HP: 22/24 MP: 2/2
  1039 | D:2      | Reached XP level 3. HP: 13/29 MP: 3/3
  1518 | D:2      | Reached skill level 4 in Axes
  1861 | D:2      | Reached ** piety under Trog
  2516 | D:3      | Gained mutation: Spells you cast may paralyse adjacent
                  | enemies. [demonic ancestry]
  2516 | D:3      | Reached XP level 4. HP: 30/35 MP: 4/4
  2517 | D:3      | Quit the game

Illustrated notes

Levels and vault maps discovered:
D:1:      eino_arrival_water_star, layout_rooms,
          dreamdust_ecumenical_altar_angels_and_demons, serial_forest,
          infiniplex_forest_clump_tiny, infiniplex_forest_clump_C,
          infiniplex_forest_clump_C, infiniplex_forest_straight_2,
          infiniplex_forest_straight_4, infiniplex_forest_clump_curved,
          infiniplex_forest_corner_2, infiniplex_forest_clump_double
D:2:      layout_basic, serial_glass, glass_columns_c, glass_columns_c,
          minmay_worlds_worst_comb
D:3:      layout_loops_cross, general_overflow_altar,
          eat_drink_and_be_merry_uskayaw, lemuel_coloured_pillars_altar,
          serial_shops, shop, uniq_grinder

Skill      XL: |  1  2  3 |
---------------+----------+-----
Axes           | 3 4 |  4.4
Fighting       | |  3.0
Armour         | |  1.7
Dodging        | |  1.7

Action                   |  1- 3 |  4- 6 || total
-------------------------+-------+-------++-------
Melee: Hand axe          |    92 |       ||    92
       Punch             |     2 |       ||     2
       War axe           |    33 |     1 ||    34
Invok: Berserk           |     1 |       ||     1
 Stab: Sleeping          |     6 |       ||     6
Armor: Animal skin       |    20 |       ||    20
Dodge: Dodged            |    94 |     1 ||    95

Table legend: (Time is in decaauts)
 A = Elapsed time spent in this place.
 B = Non-inter-level travel time spent in this place.
 C = Inter-level travel time spent in this place.
 D = Time resting spent in this place.
 E = Time spent auto-exploring this place.
 F = Levels seen in this place.
 G = Mean time per level.
                   A        B        C        D        E       F      G
               +--------+--------+--------+--------+--------+-----+--------+
         Total |   2548 |   2509 |     39 |    771 |   1435 |   3 |  849.3 |
       Dungeon |   2548 |   2509 |     39 |    771 |   1435 |   3 |  849.3 |
               +--------+--------+--------+--------+--------+-----+--------+

Top non-repeatable levels by time:
     D:2: 1475 daAuts
     D:1: 1033 daAuts
     D:3: 39 daAuts
